 Dungeon Crawl Stone Soup version 0.28-a0-706-gf6f64a616a (webtiles) character file.

Game seed: 7324263511337021274

32 KoroneIsBestGirl the Covered (level 3, 0/30 HPs)
             Began as a Barachi Fighter on Oct 24, 2021.
             Was an Initiate of Uskayaw.
             Slain by a goblin (2 damage)
             ... led by Robin
             ... on level 2 of the Dungeon.
             The game lasted 00:01:00 (1289 turns).

KoroneIsBestGirl the Covered (Barachi Fighter)      Turns: 1289, Time: 00:01:00

Health: 0/30       AC:  7    Str: 18    XL:     3   Next: 27%
Magic:  0/3        EV:  9    Int:  8    God:    Uskayaw [......]
Gold:   21         SH:  4    Dex: 11    Spells: 2/2 levels left

rFire   . . .      SeeInvis .   a - +0 long sword
rCold   . . .      Faith    .   c - +0 buckler
rNeg    . . .      Spirit   .   b - +0 scale mail
rPois   .          Reflect  .   (no helmet)
rElec   .          Harm     .   (no cloak)
rCorr   .          Rampage  .   (no gloves)
Will    .....                   (no boots)
Stlth   ..........              (no amulet)
HPRegen 0.10/turn               (no ring)
MPRegen 0.08/turn               (no ring)

@: unable to hop, slow
A: amphibious, slowness 1, strong legs 1, +LOS
a: Hop, Renounce Religion


You were on level 2 of the Dungeon.
You worshipped Uskayaw.
Uskayaw was noncommittal.
You visited 1 branch of the dungeon, and saw 2 of its levels.

You collected 21 gold pieces.

Inventory:

Hand Weapons
 a - a +0 long sword (weapon)
Armour
 b - a +0 scale mail (worn)
 c - a +0 buckler (worn)
Scrolls
 g - a scroll of silence {unknown}
 h - a scroll of teleportation {unknown}
 k - a scroll of summoning {unknown}
 l - a scroll of blinking {unknown}
Potions
 d - a potion of might
 e - a potion of flight {unknown}
 f - a potion of attraction {unknown}
 i - a potion of curing {unknown}
 j - a potion of cancellation {unknown}
 m - a potion of heal wounds {unknown}


   Skills:
 + Level 4.0 Fighting
 + Level 3.0 Long Blades
 + Level 4.0 Armour
 + Level 3.7 Shields


You had 2 spell levels left.
You didn't know any spells.
Your spell library was empty.

Dungeon Overview and Level Annotations

Branches:
Dungeon (2/15)

Altars:
Uskayaw

Annotations:
D:2 Robin


Innate Abilities, Weirdness & Mutations

You are amphibious.
You cover ground slowly.
You can hop short distances.
You have an extended range of vision and can be seen from far away.


Message History

You are too injured to fight recklessly!
You are too injured to fight recklessly!
You are too injured to fight recklessly!
You are too injured to fight recklessly!
You are too injured to fight recklessly!
You are too injured to fight recklessly!
You are too injured to fight recklessly!
You are too injured to fight recklessly!
You are too injured to fight recklessly!
You are too injured to fight recklessly!
You are too injured to fight recklessly!
You are too injured to fight recklessly!
You are too injured to fight recklessly!
You are too injured to fight recklessly!
You are too injured to fight recklessly!
You are too injured to fight recklessly!
You are too injured to fight recklessly!
You are too injured to fight recklessly!
Unknown command.
You are too injured to fight recklessly!
You are too injured to fight recklessly!
You are too injured to fight recklessly!
You closely miss the goblin. The goblin hits you with a +0 club.
The goblin hits you but does no damage. The goblin hits you with a +0 club.
* * * LOW HITPOINT WARNING * * *
The goblin hits you with a +0 club.
* * * LOW HITPOINT WARNING * * *
Hop to where?
Press: ? - help, Dir - move target Boing!
Okay, then.
You stomp with the beat, sending a shockwave through the revellers around you!
You can no longer stomp with the beat.
You barely miss the goblin. The goblin barely misses you.
You hit the goblin.
The goblin is heavily wounded.
The goblin hits you with a +0 club.
* * * LOW HITPOINT WARNING * * *
The goblin hits you but does no damage. The goblin hits you with a +0 club.
You die...

...# ... #### .... .
..... # ....gg#### .
....gg.gg# #
##############g########
#.............gg.......
#.############g########
###.############@#
...............g.#
###.##############
#...........
#.#.######## #.#.#
#.#.# #.#.# #.#.#


You could see a hobgoblin (strong) and 6 goblins.

Vanquished Creatures
  2 giant cockroaches
  3 goblins
  3 hobgoblins
  4 kobolds (D:1)
  5 quokkas
  3 ball pythons (D:1)
  3 bats (D:1)
  3 frilled lizards
  3 rats (D:2)
29 creatures vanquished.

Notes
Turn   | Place    | Note
-------+----------+-------------------------------------------
     0 | D:1      | KoroneIsBestGirl the Barachi Fighter began the quest for
                  | the Orb.
     0 | D:1      | Reached XP level 1. HP: 18/18 MP: 1/1
   352 | D:1      | Reached XP level 2. HP: 25/25 MP: 2/2
   369 | D:1      | Found a faded altar of an unknown god.
   390 | D:1      | Prayed at the altar of an unknown god.
   390 | D:1      | Became a worshipper of Uskayaw the Reveller
   390 | D:1      | Reached * piety under Uskayaw
   569 | D:1      | Reached ** piety under Uskayaw
  1002 | D:2      | Reached XP level 3. HP: 30/30 MP: 3/3
  1274 | D:2      | Noticed Robin
  1289 | D:2      | Slain by a goblin

Illustrated notes

Levels and vault maps discovered:
D:1:      giann_wishing_wells, layout_basic, shapermc_ecumenical_altar_pompeii
D:2:      layout_basic, uniq_robin

Skill      XL: |  1  2  3 |
---------------+----------+-----
Armour         | 4 |  4.0
Fighting       | 4 |  4.0
Long Blades    | 3 |  3.0
Shields        | |  3.7

Action                   || total
-------------------------++-------
Melee: Long sword        ||    89
Invok: Stomp             ||     1
 Abil: Hop               ||     1
Armor: Scale mail        ||    61
Dodge: Dodged            ||    54
Block: Buckler           ||    23

Table legend: (Time is in decaauts)
 A = Elapsed time spent in this place.
 B = Non-inter-level travel time spent in this place.
 C = Inter-level travel time spent in this place.
 D = Time resting spent in this place.
 E = Time spent auto-exploring this place.
 F = Levels seen in this place.
 G = Mean time per level.
                   A        B        C        D        E       F      G
               +--------+--------+--------+--------+--------+-----+--------+
         Total |   1490 |   1353 |    137 |      0 |   1146 |   2 |  745.0 |
       Dungeon |   1490 |   1353 |    137 |      0 |   1146 |   2 |  745.0 |
               +--------+--------+--------+--------+--------+-----+--------+

Top non-repeatable levels by time:
     D:1: 1069 daAuts
     D:2: 421 daAuts
